 Dungeon Crawl Stone Soup version 0.23-a0-644-gb60d84b (webtiles) character file.

96 Borgoz the Ruffian (level 4, -1/38 HPs)
             Began as a Ghoul Gladiator on Jan 1, 2019.
             Slain by Sigmund
             ... wielding a +0 scythe
              (8 damage)
             ... on level 2 of the Dungeon.
             The game lasted 00:01:37 (1249 turns).

Borgoz the Ruffian (Ghoul Gladiator)                Turns: 1249, Time: 00:01:38

Health: -1/38      AC:  4    Str: 17    XL:     4   Next: 67%
Magic:  3/3        EV: 12    Int:  3    God:
Gold:   54         SH:  0    Dex: 11    Spells: 3/3 levels left

rFire    . . .     SeeInvis .     - Unarmed
rCold    + . .     Gourm    .   (no shield)
rNeg     + + +     Faith    .   a - +0 leather armour
rPois    ∞         Spirit   .   b - +0 helmet
rElec    .         Reflect  .   (no cloak)
rCorr    .         Harm     .   (no gloves)
MR       .....                  (no boots)
Stlth    +.........             (no amulet)
HPRegen  0.00/turn              (no ring)
MPRegen  0.08/turn              (no ring)

@: rotting
A: rotting body, claws 1, carnivore, cold resistance 1, negative energy
resistance 3, inhibited regeneration, torment resistance, unbreathing
a: no special abilities


You were on level 2 of the Dungeon.
You were not hungry.

You visited 1 branch of the dungeon, and saw 2 of its levels.

You collected 54 gold pieces.

Inventory:

Missiles
 c - 3 throwing nets (quivered)
Armour
 a - a +0 leather armour (worn)
 b - a +0 helmet (worn)
Jewellery
 m - a +3 amulet of reflection {unknown}
 o - an uncursed ring of positive energy {unknown}
 r - an uncursed ring of resist corrosion {unknown}
Scrolls
 e - a scroll of enchant armour {unknown}
 f - 2 scrolls of amnesia {unknown}
 k - 2 scrolls of identify {unknown}
 l - a scroll of remove curse {unknown}
 p - a scroll of teleportation {unknown}
 q - a scroll of magic mapping {unknown}
Potions
 h - a potion of berserk rage {unknown}
 i - a potion of lignification
 j - a potion of ambrosia {unknown}
 n - a potion of resistance {unknown}
Comestibles
 d - 2 rations


   Skills:
 + Level 3.1 Fighting
 - Level 1.7 Throwing
 + Level 1.6 Armour
 + Level 3.3 Dodging
 + Level 4.1 Unarmed Combat


You had 3 spell levels left.
You didn't know any spells.
Your spell library was empty.

Dungeon Overview and Level Annotations

Branches:
Dungeon (2/15)

Altars:

Annotations:
D:2 Sigmund


Innate Abilities, Weirdness & Mutations

Your body is rotting away.
You thrive on raw meat.
You are immune to poison.
You have sharp fingernails.
You are carnivorous and can eat meat at any time.
Your flesh is cold resistant. (rC+)
You are immune to negative energy. (rN+++)
You do not regenerate when monsters are visible.
You are immune to unholy pain and torment.
You can survive without breathing.


Message History

Unknown command.
You closely miss the hobgoblin.
The hobgoblin hits you with a cursed -2 club.
You scratch the hobgoblin but do no damage.
The hobgoblin hits you but does no damage.
Something completely misses you.
You closely miss the hobgoblin.
The hobgoblin hits you but does no damage.
You closely miss the hobgoblin. Something hits you!
The hobgoblin hits you with a cursed -2 club.
You scratch the hobgoblin.
You kill the hobgoblin!
Something hits you.
* * * LOW HITPOINT WARNING * * *
Things that are here:
a cursed -2 club; a +0 whip; a kobold corpse You barely miss something.
Something hits you.
* * * LOW HITPOINT WARNING * * *
You scratch something. Something hits you!
You die...

..# #.# #.# #.#
####.###.###
#........#.. #####
#.##.###.#.# ..####...#
#.##.# #.#.# .........#
#.##.# #.#.# .........#
#.##.# #.#..
#####.#@#####.##.###....
# #{†.....##........
#).((..........##.
#....###############.
#.....# #. ........ #.
##.....# ## ##...## ##.#


There were no monsters in sight!

Vanquished Creatures
  A howler monkey (D:2)
  An adder (D:2)
  An ooze (D:1)
  A worm (D:2)
  3 leopard geckos
  6 giant cockroaches (D:1)
  7 goblins
  6 hobgoblins
  4 bats
  A frilled lizard (D:1)
  4 kobolds
  A rat (D:1)
36 creatures vanquished.

Notes
Turn   | Place    | Note
-------+----------+-------------------------------------------
     0 | D:1      | Borgoz the Ghoul Gladiator began the quest for the Orb.
     0 | D:1      | Reached XP level 1. HP: 17/17 MP: 0/0
   201 | D:1      | Reached XP level 2. HP: 21/25 MP: 1/1
   529 | D:1      | Reached XP level 3. HP: 25/30 MP: 2/2
   532 | D:1      | Reached skill level 1 in Armour
  1204 | D:2      | Reached skill level 4 in Unarmed Combat
  1204 | D:2      | Reached XP level 4. HP: 37/38 MP: 3/3
  1230 | D:2      | Noticed Sigmund
  1249 | D:2      | Slain by Sigmund

Vault maps used:
D:1:      evilmike_arrival_rings
D:2:      good_gods_mini_temple, chequers_serial_rivers_micro_e, uniq_sigmund

Skill      XL: |  1  2  3 |
---------------+----------+-----
Dodging        | 3 |  3.3
Armour         | 1 |  1.6
Fighting       | 3 |  3.1
Unarmed Combat | 4 |  4.1
Throwing       | |  1.7

Action                   |  1- 3 |  4- 6 || total
-------------------------+-------+-------++-------
Melee: Unarmed           |    86 |    19 ||   105
  Use: Potion            |       |     2 ||     2
  Eat: Chunk             |    10 |       ||    10
Armor: Leather armour    |    28 |     3 ||    31
Dodge: Dodged            |    51 |    17 ||    68

Table legend:
 A = Non-vault XP
 B = Vault XP
 C = Vault XP percentage of total XP
 D = Non-vault monster count
 E = Vault monster count
 F = Vault count percentage of total count
                 A         B        C        D         E       F
            +---------+---------+-------+---------+---------+-------
      Total |     138 |       0 |   0.0 |      36 |       0 |   0.0
            +---------+---------+-------+---------+---------+-------
        D:1 |      51 |       0 |   0.0 |      26 |       0 |   0.0
        D:2 |      87 |       0 |   0.0 |      10 |       0 |   0.0
            +---------+---------+-------+---------+---------+-------
